 Dungeon Crawl Stone Soup version 0.27-a0-1312-g5cdb2b3542 (webtiles) character file.

Game seed: 2435243128343032372

42 dickylongcocking the Magician (level 3, -1/25 HPs)
             Began as a Djinni Fire Elementalist on June 21, 2021.
             Slain by a hobgoblin (6 damage)
             ... led by Robin
             ... on level 1 of the Dungeon.
             The game lasted 00:00:28 (1463 turns).

dickylongcocking the Magician (DjFE)                Turns: 1463, Time: 00:00:29

Health: -1/25      AC:  2    Str:  7    XL:     3   Next: 80%
Gold:   9          EV: 12    Int: 17    God:
                   SH:  0    Dex: 13

rFire    + + .     SeeInvis .   (no weapon)
rCold    x . .     Faith    .   (no shield)
rNeg     . . .     Spirit   .   a - +0 robe
rPois    ∞         Reflect  .   (no helmet)
rElec    .         Harm     .   (no cloak)
rCorr    .         Rampage  .   (no gloves)
Will     .....                  (boots unavailable)
Stlth    ++........             (no amulet)
HPRegen  0.08/turn              (no ring)
MPRegen  0.00/turn              (no ring)

@: brilliant, flying
A: sickness immunity, fire resistance 2, cold vulnerability 1, float, innate
caster, hp casting, extra vitality 1
a: no special abilities


You were on level 1 of the Dungeon.
You visited 1 branch of the dungeon, and saw 2 of its levels.

You collected 9 gold pieces.

Inventory:

Armour
 a - a +0 robe (worn)
Scrolls
 b - a scroll of identify {unknown}
 d - a scroll of summoning {unknown}
 g - a scroll of teleportation {unknown}
 h - a scroll of amnesia {unknown}
Potions
 e - a potion of might {unknown}
 f - a potion of berserk rage {unknown}


   Skills:
 + Level 2.8 Dodging
 + Level 1.7 Stealth
 + Level 0.1 Unarmed Combat
 + Level 3.2 Spellcasting


You couldn't memorise any spells.
You knew the following spells:

 Your Spells              Type           Power      Damage    Failure   Level
a - Foxfire               Conj/Fire      80%        2x1d8     4%          1
b - Conjure Flame         Conj/Fire      20%        6-21      14%         3
c - Inner Flame           Hex/Fire       20%        N/A       14%         3
d - Sticky Flame          Conj/Fire      20%        2d4       41%         4
e - Fireball              Conj/Fire      10%        3d6       77%         5
f - Sandblast             Erth           40%        2d10      4%          1
Your spell library was empty.

Dungeon Overview and Level Annotations

Branches:
Dungeon (2/15)

Altars:
Elyvilon

Annotations:
D:2 Robin


Innate Abilities, Weirdness & Mutations

You are immune to sickness and miasma.
You are immune to poison.
Your flesh is very heat resistant. (rF++)
You are vulnerable to cold. (rC-)
You float through the air rather than walking.
You learn spells naturally, not from books.
Your magical power is your life essence.
You have superior vitality. (+4 HP)


Message History

The foxfire hits the goblin.
You kill the goblin!
The goblin barely misses you.
Unknown command.
Your foxfire dissipates!
The foxfire hits the goblin.
The goblin is moderately wounded.
Robin zaps a wand.
Some rock shatters into small pieces.
You see here 12 stones.
A rat comes into view.
Robin says, "A pitiful Djinni like you will never find the ORB!"
Robin roars a battlecry!
The goblins go into a battle-frenzy!
You conjure some foxfire!
The hobgoblin barely misses you.
Your foxfire dissipates!
The foxfire hits the hobgoblin.
You kill the hobgoblin!
Found a morningstar.
The rat misses you. Robin throws the goblin at you!
There is a stone staircase leading up here.
The rat barely misses you. The goblin misses you.
The goblin hits you with a +0 dagger. The hobgoblin hits you.
You fly upwards.
There is a stone staircase leading down here.
Unknown command.
You barely miss the goblin.
The goblin is moderately wounded.
The rat bites you. The goblin hits you with a +0 club.
The goblin closely misses you. The hobgoblin barely misses you.
You are too injured to fight recklessly!
You are too injured to fight recklessly!
You are too injured to fight recklessly!
You are too injured to fight recklessly!
Unknown command.
It was a potion of brilliance.
You feel clever all of a sudden. The rat barely misses you.
The goblin hits you with a +0 club.
* * * LOW HITPOINT WARNING * * *
The goblin closely misses you. The hobgoblin hits you.
You die...

#.# #.# ##.#.## #≈♣P≈≈P♣♣≈
#.##########.###.###.# #≈♣♣≈≈PP♣≈
#.................#.## #≈♣.≈≈P♣♣≈
#######.###..####..## #≈PP≈≈♣.♣≈
#.# #........#####≈P♣≈≈≈≈≈≈
#####.###...###..#...#≈.P≈.....
#.......#.§.# #..#...#≈≈≈≈.###.
#.##......[.###r.#<..'.....#§#.
###.##..#.#....g@g.#...#≈≈≈≈.###.
........#.#...###g##...#≈P.≈..^..
###.###.#.#...###.######≈PP≈≈≈≈≈≈
##.###.#>#....[.....# #≈♣P≈≈P.P≈
#...........####.#### #≈♣♣≈≈P♣P≈
#.####...........######≈P♣≈≈P♣P≈
#.# ######...........#≈.P≈≈♣♣♣≈
##.#########.####.######≈♣.≈≈♣P♣≈
.............##.(.######≈.P≈≈♣♣P≈


You could see a hobgoblin (strong), 2 goblins and a rat.

Vanquished Creatures
  Jessica (D:2)
  A worm (D:2)
  2 endoplasms
  A giant cockroach (D:2)
  3 goblins
  2 hobgoblins
  A quokka (D:1)
  A frilled lizard (D:1)
  A rat (D:1)
13 creatures vanquished.

Vanquished Creatures (others)
  63 foxfires
63 creatures vanquished.

Grand Total: 76 creatures vanquished

Notes
Turn   | Place    | Note
-------+----------+-------------------------------------------
     0 | D:1      | dickylongcocking the Djinni Fire Elementalist began the
                  | quest for the Orb.
     0 | D:1      | Reached XP level 1. HP: 15/15 MP: 0/0
   817 | D:1      | Found a faded altar of an unknown god.
   915 | D:1      | Reached XP level 2. HP: 19/21 MP: 0/0
  1086 | D:2      | Found a white marble altar of Elyvilon.
  1095 | D:2      | Noticed Jessica
  1107 | D:2      | Killed Jessica
  1108 | D:2      | Reached skill level 3 in Spellcasting
  1108 | D:2      | Reached XP level 3. HP: 15/25 MP: 0/0
  1108 | D:2      | Learned a level 1 spell: Sandblast
  1449 | D:2      | Noticed Robin
  1463 | D:1      | Slain by a hobgoblin

Illustrated notes

Levels and vault maps discovered:
D:1:      lightli_arrival_farm, layout_loops_ring,
          shapermc_ecumenical_altar_mp_vishouse
D:2:      layout_basic, serial_shops, nicolae_diamond_shop, basic_altar,
          minivault_26, uniq_jessica, uniq_robin

Skill      XL: |  1  2 |
---------------+-------+-----
Spellcasting   | 3 |  3.2
Dodging        | |  2.8
Stealth        | |  1.7
Unarmed Combat | |  0.1

Action                   || total
-------------------------++-------
Melee: Unarmed           ||    11
 Cast: Foxfire           ||    40
  Use: Potion            ||     1
 Stab: Sleeping          ||     1
Armor: Robe              ||     2
Dodge: Dodged            ||    22

Table legend: (Time is in decaauts)
 A = Elapsed time spent in this place.
 B = Non-inter-level travel time spent in this place.
 C = Inter-level travel time spent in this place.
 D = Time resting spent in this place.
 E = Time spent auto-exploring this place.
 F = Levels seen in this place.
 G = Mean time per level.
                   A        B        C        D        E       F      G
               +--------+--------+--------+--------+--------+-----+--------+
         Total |   1463 |   1435 |     28 |      0 |   1316 |   2 |  731.5 |
       Dungeon |   1463 |   1435 |     28 |      0 |   1316 |   2 |  731.5 |
               +--------+--------+--------+--------+--------+-----+--------+

Top non-repeatable levels by time:
     D:1: 1076 daAuts
     D:2: 386 daAuts
